 Dungeon Crawl Stone Soup version 0.31-a0-1603-gbec6b6ccbf (webtiles) character file.

Game seed: 4460683336613891480

82 timneilson the Ruffian (level 4, -3/29 HPs)
             Began as an Octopode Shapeshifter on Jan 8, 2024.
             Slain by a hobgoblin (6 damage)
             ... led by Robin
             ... on level 3 of the Dungeon.
             The game lasted 00:02:24 (1432 turns).

timneilson the Ruffian (Octopode Shapeshifter)      Turns: 1432, Time: 00:02:25

Health: -3/29      AC:  1    Str: 21    XL:     4   Next: 43%
Magic:  4/4        EV: 13    Int: 12    God:
Gold:   112        SH:  0    Dex: 11    Spells: 3/3 levels left

rFire   . .          .
                       - Unarmed
rCold   . . .        (no shield)
rNeg    . . .        (helmet currently unavailable)
rPois   .            (no amulet)
rElec   .            j - ring of resist corrosion
rCorr   +            l - +6 ring of strength
SInv    .            (no ring)
Will    .....        (no ring)
Stlth   +++          (no ring)
HPRegen 0.24/turn    (no ring)
MPRegen 0.09/turn    (no ring)
                     (no ring)

%: no passive effects
@: beast-form
A: beast (slay +1), almost no armour, amphibious, 8 rings, camouflage 1,
gelatinous body 1, (nimble swimmer 1), tentacles
a: Begin Untransformation


You were on level 3 of the Dungeon.
You were a hulking beast.
You visited 1 branch of the dungeon, and saw 3 of its levels.

You collected 112 gold pieces.

Inventory:

Jewellery
 j - a ring of resist corrosion (left tentacle)
 l - a +6 ring of strength (right tentacle)
Talismans
 b - a beast talisman
 c - a flux talisman
Wands
 g - a wand of polymorph (7)
Scrolls
 e - 2 scrolls of enchant armour
 k - 3 scrolls of teleportation
Potions
 a - 2 potions of lignification
 d - 2 potions of heal wounds
 f - a potion of enlightenment {unknown}
 i - 2 potions of brilliance {unknown}
 m - a potion of curing {unknown}
 n - a potion of mutation {unknown}


   Skills:
 * Level 2.1 Fighting
 * Level 2.7 Dodging
 + Level 1.4 Stealth
 * Level 3.6 Unarmed Combat
 + Level 0.3 Evocations
 * Level 3.3 Shapeshifting


You had 3 spell levels left.
You didn't know any spells.
Your spell library contained the following spells:

 Spells                   Type           Power      Damage    Failure   Level
 Dazzling Flash           Conj/Hex       0%         N/A       69%         3
 Volatile Blastmotes      Fire/Tloc      0%         2d10      69%         3
 Starburst                Conj/Fire      0%         6d3       100%        6
 Maxwell's Capacitive Co  Air            0%         ∞         100%        8


Dungeon Overview and Level Annotations

Branches:
Dungeon (3/15)

Altars:


Innate Abilities, Weirdness & Mutations

You are a hulking beast.
Your limbs bulge with bestial killing power. (Slay +1)
You cannot wear most types of armour.
You are amphibious.
You can wear up to eight rings at the same time.
Your skin changes colour to match your surroundings (Stealth+).
Your rubbery body absorbs attacks. (AC +1, EV +1)
((You are camouflaged when in or above water. (Stealth+)))
You have tentacles for arms and can constrict up to eight enemies at once.


Message History

You closely miss the hobgoblin. You grab the hobgoblin.
You constrict the hobgoblin. The goblin hits you with a +0 dagger.
The hobgoblin hits you.
You tentacle-slap the hobgoblin.
You kill the hobgoblin!
The goblin misses you.
You tentacle-slap the goblin. You grab the goblin.
The goblin is severely wounded.
You constrict the goblin.
You kill the goblin!
You closely miss the goblin. Your grab misses the goblin.
The goblin misses you.
You bludgeon the goblin!
You kill the goblin!
Robin hits you from afar with a +0 spear.
The hobgoblin hits you.
Things that are here:
a +0 dagger; a goblin corpse Robin hits you but does no damage.
The hobgoblin hits you but does no damage.
You tentacle-slap Robin but do no damage.
You grab Robin. You constrict Robin. Robin hits you with a +0 spear.
* * * LOW HITPOINT WARNING * * *
The hobgoblin hits you.
* * * LOW HITPOINT WARNING * * *
You tentacle-slap Robin but do no damage.
You squeeze Robin.
Robin is lightly wounded.
You constrict Robin. Robin closely misses you. The hobgoblin hits you.
* * * LOW HITPOINT WARNING * * *
You bludgeon Robin!
Robin is severely wounded.
You constrict Robin.
Robin roars a battlecry!
The hobgoblin goes into a battle-frenzy!
The hobgoblin closely misses you.
You tentacle-slap Robin.
You kill Robin!
The hobgoblin hits you.
You die...

#.#####.....#
#...........#
####...........#
#####..'..)).......+
......##..)........#
)..[.....######....#
.........##...#....#
..........#.# #))g.##...
............# #.h.......
............# #).......$
..........#.#'#.........
.......†.##.. ........(.
..........+ ..........#
..........# ...........#
######....#.......#.....
#....+.......#.....
##...##


You could see a hobgoblin (strong).

Vanquished Creatures
  Robin (D:3)
  2 adders (D:2)
  7 ball pythons
  5 bats
  4 endoplasms
  12 goblins
  12 hobgoblins
  6 kobolds
  A quokka (D:1)
  4 frilled lizards
  3 rats
57 creatures vanquished.

Notes
Turn   | Place    | Note
-------+----------+-------------------------------------------
     0 | D:1      | timneilson the Octopode Shapeshifter began the quest for
                  | the Orb.
     0 | D:1      | Reached XP level 1. HP: 13/13 MP: 1/1
    85 | D:1      | Reached XP level 2. HP: 18/18 MP: 2/2
   392 | D:1      | Reached XP level 3. HP: 20/23 MP: 3/3
   743 | D:2      | Found a faded altar of an unknown god.
   860 | D:2      | Reached skill level 1 in Stealth
  1029 | D:2      | Reached XP level 4. HP: 17/29 MP: 4/4
  1421 | D:3      | Noticed Robin
  1432 | D:3      | Killed Robin
  1432 | D:3      | Slain by a hobgoblin

Illustrated notes

Levels and vault maps discovered:
D:1:      mainiacjoe_arrival_reflecting_pool, layout_rooms
D:2:      layout_basic, serial_forest, infiniplex_forest_clump_C,
          infiniplex_forest_clump_diagonal, infiniplex_forest_end_1,
          infiniplex_forest_clump_cross, basic_ecumenical_altar
D:3:      layout_basic, uniq_robin, uniq_jessica, uniq_crazy_yiuf_cottage

Skill      XL: |  1  2  3  4 |
---------------+-------------+-----
Stealth        | 1 |  1.4
Fighting       | 2 |  2.1
Dodging        | |  2.7
Unarmed Combat | |  3.6
Evocations     | |  0.3
Shapeshifting  | |  3.3

Action                     |  1- 3 |  4- 6 || total
---------------------------+-------+-------++-------
  Melee: Unarmed           |    62 |    25 ||    87
         Constrict         |    14 |     8 ||    22
         Tentacles         |    14 |     3 ||    17
    Use: Scroll            |     5 |     1 ||     6
   Stab: Sleeping          |     7 |     2 ||     9
 Armour: Skin              |    30 |    15 ||    45
  Dodge: Dodged            |    39 |    10 ||    49

Table legend: (Time is in decaauts)
 A = Elapsed time spent in this place.
 B = Non-inter-level travel time spent in this place.
 C = Inter-level travel time spent in this place.
 D = Time resting spent in this place.
 E = Time spent auto-exploring this place.
 F = Levels seen in this place.
 G = Mean time per level.
                   A        B        C        D        E       F      G
               +--------+--------+--------+--------+--------+-----+--------+
         Total |   1425 |   1378 |     47 |      0 |   1054 |   3 |  475.0 |
       Dungeon |   1425 |   1378 |     47 |      0 |   1054 |   3 |  475.0 |
               +--------+--------+--------+--------+--------+-----+--------+

Top non-repeatable levels by time:
     D:2: 783 daAuts
     D:1: 591 daAuts
     D:3: 50 daAuts
